 Dungeon Sprint DCSS version 0.26-a0-712-ga5a9c9c9d0 (webtiles) character file.

Game seed: 9989371636424705642

29789 TerrariaFan the Executioner (level 13, -5/139 HPs)
             Began as a Minotaur Berserker on Nov 1, 2020.
             Was the Champion of Trog.
             Slain by a spriggan rider
             ... wielding a +0 spear
              (9 damage)
             ... in the Dungeon (Sprint VII: "The Pits").
             The game lasted 00:11:28 (6034 turns).

TerrariaFan the Executioner (Minotaur Berserker)    Turns: 6034, Time: 00:11:29

Health: -5/139     AC: 17    Str: 27    XL:     13   Next: 17%
Magic:  3/3        EV: 14    Int:  4    God:    Trog [******]
Gold:   72         SH:  0    Dex: 14    Spells: 12/12 levels left

rFire    . . .     SeeInvis +   e - +2 executioner's axe (antimagic)
rCold    . . .     Faith    .   (shield currently unavailable)
rNeg     . . .     Spirit   .   m - +3 chain mail
rPois    .         Reflect  .   (helmet restricted)
rElec    .         Harm     .   (no cloak)
rCorr    .         Rampage  .   (no gloves)
MR       .....     NoTele   +   (no boots)
Stlth    ..........             (no amulet)
HPRegen  0.33/turn              C - ring of see invisible
MPRegen  0.08/turn              (no ring)

@: mighty, berserk cooldown
A: retaliatory headbutt, fangs 1, horns 2, thin skeletal structure 1, agile 1,
low mp 1
a: Berserk, Trog's Hand, Brothers in Arms, Renounce Religion


You were in the Dungeon.
You worshipped Trog.
Trog was exalted by your worship.
You visited 1 branch You collected 72 gold pieces.

Inventory:

Hand Weapons
 a - a +0 hand axe
 e - a +2 antimagic executioner's axe (weapon)
 h - a +2 vorpal executioner's axe
 l - a +2 hand axe
 n - a +2 vorpal hand axe
 o - a +2 broad axe of flaming
 v - a +2 battleaxe
 E - a +2 executioner's axe
Armour
 b - a +0 animal skin
 m - a +3 chain mail (worn)
Jewellery
 q - a +3 ring of strength
 r - a +3 ring of protection
 C - a ring of see invisible (left hand)
 D - an uncursed ring of poison resistance
Wands
 p - a wand of digging (7)
 B - a wand of flame (25)
Scrolls
 j - 4 scrolls of remove curse
 k - a scroll of summoning
 w - a scroll of blinking
 y - a scroll of fog
 z - 2 scrolls of fear
 A - a scroll of identify
Potions
 c - 8 potions of curing
 d - 7 potions of heal wounds
 f - 4 potions of magic
 g - 4 potions of berserk rage
 i - a potion of invisibility
 s - a potion of might
 t - 2 potions of stabbing
 u - a potion of mutation
 x - 2 potions of haste
Miscellaneous
 F - a tin of tremorstones (3/3)


   Skills:
 + Level 20.2 Fighting
 + Level 25.4 Axes
 + Level 18.3 Armour
 + Level 9.0 Dodging
 + Level 2.7 Stealth
 * Level 4.3 Evocations


You had 12 spell levels left.
You didn't know any spells.
Your spell library contained the following spells:

 Spells                   Type           Power        Failure   Level
 Corpse Rot               Necr/Air       N/A          95%         2
 Sublimation of Blood     Necr           #.........   95%         2
 Animate Dead             Necr           #.........   100%        4
 Dispel Undead            Necr           #.......     100%        4
 Summon Demon             Summ           #.........   100%        5
 Summon Forest            Summ/Tloc      #.........   100%        5
 Summon Mana Viper        Hex/Summ       #.......     100%        5
 Shadow Creatures         Summ           N/A          100%        6
 Summon Hydra             Summ           #.........   100%        7
 Discord                  Hex            #.........   100%        8


Dungeon Overview and Level Annotations

Branches:
Dungeon (1/1)

Altars:
Ashenzari
Cheibriados
Dithmenos
Elyvilon
Fedhas
Gozag
Hepliaklqana
Kikubaaqudgha
Makhleb
Nemelex Xobeh
Okawaru
Qazlal
Ru
Sif Muna
Trog
Uskayaw
Vehumet
Wu Jian
Xom
Yredelemnul
Zin
The Shining One
Beogh
Jiyva
Lugonu

Annotations:
D Frances


Innate Abilities, Weirdness & Mutations

You reflexively headbutt those who attack you in melee.
You have a pair of horns on your head.
You have very sharp teeth.
You have a somewhat thin skeletal structure. (Dex +2, Stealth)
You are agile. (Dex +2)
Your magical capacity is low. (-10% MP)


Message History

The shard of ice misses you. Frances hits you with a +0 battleaxe!
The ice devil hits you. The ice devil freezes you!
* * * LOW HITPOINT WARNING * * *
You feel very mighty all of a sudden.
You feel yourself speed up.
Frances is no longer moving quickly.
Frances closely misses you. You furiously retaliate!
You headbutt Frances. The ice devil hits you.
* * * LOW HITPOINT WARNING * * *
The ice devil freezes you!!
* * * LOW HITPOINT WARNING * * *
The chaos spawn hits you but does no damage.
Frances says, "I am undefeated in single-handed combat."
Frances misses you. You furiously retaliate!
You headbutt Frances!
The ice devil hits you but does no damage.
The chaos spawn gores you but does no damage.
Your chain mail prevents you from hitting Frances.
You headbutt Frances!
Frances is moderately wounded.
You slice the ice devil!! You completely miss the chaos spawn.
The spriggan rider hits you from afar with a +0 spear!
You die...

#####++##### #..........#
#..........# +..#....#..#
+..........# #..........#
##############..#....#..#
............''i4........#
.4.4........''4@@.......#
##########..##.4#....#..# .#
#..##..........+ #
#..##..........+ o#
#..####''####''# #@#
#..####''####''######### #i#
#..##......##...........
##########..##.#'##.##...........
............##.#.)'.##..#########


You could see Frances, a spriggan rider, an ice devil (summoned) and 2 chaos
spawn.

Vanquished Creatures
  A titan (D)
  A death cob (D)
  2 nagarajas (D)
  An emperor scorpion (D)
  An ettin (D)
  An ogre mage (D)
  2 two-headed ogres (D)
  A death yak (D)
  A deep elf knight (D)
  2 fire crabs (D)
  A shadow wraith (D)
  4 spriggans (D)
  An iron troll (D)
  3 hell knights (D)
  A flayed ghost (D)
  A deep troll (D)
  2 sea snakes (D)
  A necromancer (D)
  5 deep elf magi (D)
  Psyche (D)
  3 molten gargoyles (D)
  An eye of devastation (D)
  2 orange demons (D)
  A komodo dragon (D)
  An ice devil (D)
  A guardian mummy (D)
  A troll (D)
  A red devil (D)
  A merfolk (D)
  2 polar bears (D)
  A hornet (D)
  6 dream sheep (D)
  A snapping turtle (D)
  A redback (D)
  A wraith (D)
  A vampire (D)
  A basilisk (D)
  A steam dragon (D)
  5 vampire mosquitoes (D)
  A small abomination (D)
  A warg (D)
  A water moccasin (D)
  2 floating eyes (D)
  An orc warrior (D)
  2 black bears (D)
  2 eyes of draining (D)
  A sky beast (D)
  2 phantoms (D)
  8 wolves (D)
  2 ogres (D)
  4 centaurs (D)
  A big kobold (D)
  2 bullfrogs (D)
  An earth elemental (D)
  6 killer bees (D)
  3 wights (D)
  2 orc priests (D)
  2 orc wizards (D)
  A mummy (D)
  2 gnolls (D)
  2 river rats (D)
  An adder (D)
  A white imp (D)
  An ooze (D)
  A leopard gecko (D)
  7 orcs (D)
  A ball python (D)
  A bat (D)
  2 hobgoblins (D)
  2 frilled lizards (D)
  A quokka skeleton (D)
  A quokka zombie (D)
133 creatures vanquished.

Vanquished Creatures (others)
  A dream sheep (D)
1 creature vanquished.

Grand Total: 134 creatures vanquished

Notes
Turn   | Place    | Note
-------+----------+-------------------------------------------
     0 | D        | TerrariaFan the Minotaur Berserker began the quest for the
                  | Orb.
     0 | D        | Reached XP level 1. HP: 19/19 MP: 0/0
    30 | D        | Reached skill level 4 in Axes
    63 | D        | Found a bloodstained altar of Trog.
    63 | D        | Found a shimmering blue altar of Sif Muna.
    63 | D        | Found a viscous altar of Jiyva.
    63 | D        | Found a hazy altar of Hepliaklqana.
    63 | D        | Found an opulent altar of Gozag.
    64 | D        | Found a glowing golden altar of the Shining One.
    64 | D        | Found a glowing silver altar of Zin.
    64 | D        | Found a basalt altar of Yredelemnul.
    64 | D        | Found a shimmering altar of Xom.
    64 | D        | Found an ornate altar of the Wu Jian Council.
    64 | D        | Found a sacrificial altar of Ru.
    64 | D        | Found a stormy altar of Qazlal.
    64 | D        | Found an iron altar of Okawaru.
    64 | D        | Found a sparkling altar of Nemelex Xobeh.
    64 | D        | Found a burning altar of Makhleb.
    64 | D        | Found a blossoming altar of Fedhas.
    64 | D        | Found a white marble altar of Elyvilon.
    64 | D        | Found a shadowy altar of Dithmenos.
    64 | D        | Found a snail-covered altar of Cheibriados.
    68 | D        | Found a roughly hewn altar of Beogh.
    68 | D        | Found a corrupted altar of Lugonu.
    68 | D        | Found a radiant altar of Vehumet.
    69 | D        | Found a broken altar of Ashenzari.
    69 | D        | Found an ancient bone altar of Kikubaaqudgha.
    69 | D        | Found a hide-covered altar of Uskayaw.
   104 | D        | Noticed a floating eye
   105 | D        | Paralysed by a floating eye for 3 turns
   109 | D        | Killed a floating eye
   109 | D        | Reached ** piety under Trog
   109 | D        | Reached skill level 7 in Axes
   109 | D        | Reached XP level 2. HP: 35/35 MP: 1/1
   109 | D        | Reached XP level 3. HP: 40/40 MP: 2/2
   109 | D        | Reached XP level 4. HP: 48/48 MP: 3/3
   123 | D        | Reached skill level 8 in Axes
   157 | D        | Noticed a centaur
   162 | D        | Reached *** piety under Trog
   163 | D        | Killed a centaur
   163 | D        | Reached skill level 9 in Axes
   163 | D        | Reached skill level 5 in Armour
   163 | D        | Reached XP level 5. HP: 57/57 MP: 4/4
   336 | D        | Noticed a sky beast
   340 | D        | Reached **** piety under Trog
   342 | D        | Noticed a black bear
   345 | D        | Killed a sky beast
   345 | D        | Reached skill level 10 in Fighting
   345 | D        | Reached skill level 10 in Axes
   345 | D        | Reached skill level 5 in Dodging
   345 | D        | Reached XP level 6. HP: 60/67 MP: 5/5
   347 | D        | Reached ***** piety under Trog
   356 | D        | Reached skill level 11 in Axes
   592 | D        | Received a gift from Trog
   592 | D        | Reached XP level 7. HP: 72/74 MP: 6/6
   604 | D        | Noticed Psyche
   609 | D        | Killed Psyche
   609 | D        | Reached skill level 13 in Axes
   634 | D        | Reached XP level 8. HP: 70/85 MP: 7/7
   704 | D        | Noticed a snapping turtle
   716 | D        | Killed a snapping turtle
   716 | D        | Reached skill level 14 in Axes
   879 | D        | Gained mutation: You have sharp toenails. [potion of
                  | mutation]
   879 | D        | Gained mutation: You have a somewhat thin skeletal
                  | structure. (Dex +2, Stealth) [potion of mutation]
   880 | D        | Lost mutation: You have sharp toenails. [potion of
                  | mutation]
   880 | D        | Gained mutation: You have very sharp teeth. [potion of
                  | mutation]
   880 | D        | Gained mutation: Your magical capacity is low. (-10% MP)
                  | [potion of mutation]
   880 | D        | Gained mutation: You are agile. (Dex +2) [potion of
                  | mutation]
   938 | D        | Noticed a deep troll
   942 | D        | Received a gift from Trog
   949 | D        | Killed a deep troll
   949 | D        | Reached skill level 15 in Axes
   949 | D        | Reached XP level 9. HP: 57/94 MP: 7/7
  1374 | D        | Reached skill level 10 in Armour
  1376 | D        | Reached ****** piety under Trog
  1380 | D        | Reached skill level 16 in Axes
  1578 | D        | Noticed a sea snake
  1582 | D        | Received a gift from Trog
  1587 | D        | Killed a sea snake
  1587 | D        | Reached skill level 17 in Axes
  1869 | D        | Noticed a death cob
  1878 | D        | Killed a death cob
  1878 | D        | Reached skill level 18 in Axes
  1878 | D        | Reached skill level 1 in Stealth
  1878 | D        | Reached XP level 10. HP: 31/104 MP: 8/8
  1886 | D        | Received a gift from Trog
  1886 | D        | Reached skill level 15 in Fighting
  2315 | D        | Noticed a flayed ghost
  2315 | D        | Noticed a molten gargoyle
  2321 | D        | Killed a flayed ghost
  2323 | D        | Killed a molten gargoyle
  2327 | D        | Killed a shadow wraith
  2327 | D        | Received a gift from Trog
  2327 | D        | Reached skill level 19 in Axes
  2508 | D        | Noticed an eye of devastation
  2509 | D        | Paralysed by a floating eye for 4 turns
  2518 | D        | Noticed a spriggan rider
  2521 | D        | Killed an eye of devastation
  2521 | D        | Received a gift from Trog
  2535 | D        | Killed a spriggan rider
  2535 | D        | Reached XP level 11. HP: 65/114 MP: 8/8
  2788 | D        | Reached skill level 20 in Axes
  2793 | D        | Received a gift from Trog
  2826 | D        | Reached skill level 15 in Armour
  2837 | D        | Received a gift from Trog
  2844 | D        | Received a gift from Trog
  2919 | D        | Reached skill level 21 in Axes
  3016 | D        | Received a gift from Trog
  3169 | D        | Noticed a nagaraja
  3169 | D        | Noticed a death yak
  3178 | D        | Killed a death yak
  3182 | D        | Killed a nagaraja
  3182 | D        | Received a gift from Trog
  3403 | D        | Noticed a sea snake
  3407 | D        | Killed a sea snake
  3407 | D        | Reached skill level 22 in Axes
  3557 | D        | Got the Catalogue of the Forgotten Princes
  3837 | D        | Noticed a deep elf mage
  3846 | D        | Killed a deep elf mage
  3846 | D        | Received a gift from Trog
  3846 | D        | Reached XP level 12. HP: 127/127 MP: 3/9
  4252 | D        | Noticed an emperor scorpion
  4263 | D        | Killed an emperor scorpion
  4829 | D        | Received a gift from Trog
  4829 | D        | Reached skill level 23 in Axes
  4974 | D        | Noticed a titan
  4979 | D        | Killed a titan
  4979 | D        | Received a gift from Trog
  5465 | D        | Noticed an ettin
  5465 | D        | Noticed a nagaraja
  5480 | D        | Received a gift from Trog
  5481 | D        | Reached skill level 24 in Axes
  5486 | D        | Killed a nagaraja
  5487 | D        | Killed an ettin
  5970 | D        | Noticed a two-headed ogre
  5971 | D        | Identified the +12 morningstar "Wanudil" {holy, rF+}
  5972 | D        | Noticed an ogre mage
  5973 | D        | Received a gift from Trog
  5977 | D        | Reached skill level 1 in Evocations
  5980 | D        | Received a gift from Trog
  5982 | D        | Killed an ogre mage
  5982 | D        | Reached XP level 13. HP: 139/139 MP: 3/10
  5986 | D        | Reached skill level 25 in Axes
  5992 | D        | Received a gift from Trog
  5997 | D        | Noticed Frances
  6001 | D        | Received a gift from Trog
  6033 | D        | HP: 4/139 [ice devil[Frances] (22)]
  6034 | D        | Slain by a spriggan rider

Illustrated notes

Levels and vault maps discovered:
D:        pitsprint [storerooms_1, entrance_room_1, metal_vault_8, armoury_3,
          mini_pit_1, grid_room_1, main_hall_1, silver_pit, the_coven_1,
          the_vestibule_1, steel_vault_5, golden_pit, hallway_of_sentries,
          crystal_vault_3, iron_vault_1, final_vault]

Skill      XL: |  1  2  3  4  5  6  7  8  9 10 11 12 13 |
---------------+----------------------------------------+-----
Fighting       | 7 9 10 11 12 13 14 16 18 19 20 | 20.2
Axes           | 7 9 10 11 13 15 18 19 22 24 25 | 25.4
Armour         | 4 5 6 7 9 13 14 16 18 | 18.3
Dodging        | 3 4 5 6 7 8 9 |  9.0
Stealth        | 1 2 |  2.7
Evocations     | 2 4 |  4.3

Action                   |  1- 3 |  4- 6 |  7- 9 | 10-12 | 13-15 || total
-------------------------+-------+-------+-------+-------+-------++-------
Melee: Hand axe          |     6 |    35 |       |       |       ||    41
       Headbutt          |       |     7 |    11 |    43 |     7 ||    68
       Broad axe         |       |       |    41 |       |       ||    41
       Battleaxe         |       |       |    18 |    60 |       ||    78
       Bite              |       |       |     1 |    22 |     4 ||    27
       Executioner's axe |       |       |       |   105 |    24 ||   129
Invok: Berserk           |       |     1 |     5 |    15 |       ||    21
  Use: Potion            |       |     1 |     3 |     1 |     4 ||     9
       Scroll            |       |       |       |     1 |     2 ||     3
Armor: Animal skin       |     1 |     1 |       |       |       ||     2
       Chain mail        |       |     9 |    37 |    79 |    11 ||   136
Dodge: Dodged            |     2 |    17 |    42 |    85 |    17 ||   163

Table legend: (Time is in decaauts)
 A = Elapsed time spent in this place.
 B = Non-inter-level travel time spent in this place.
 C = Inter-level travel time spent in this place.
 D = Time resting spent in this place.
 E = Time spent auto-exploring this place.
 F = Levels seen in this place.
 G = Mean time per level.
                   A        B        C        D        E       F      G
               +--------+--------+--------+--------+--------+-----+--------+
         Total |   6180 |   6076 |    104 |   4972 |      0 |   1 | 6180.0 |
       Dungeon |   6180 |   6076 |    104 |   4972 |      0 |   1 | 6180.0 |
               +--------+--------+--------+--------+--------+-----+--------+

Top non-repeatable levels by time:
       D: 6180 daAuts
